AoeStats
← Alberto Barbosa

Arabia

510803842Analyzed
1v1 RM · 11h ago on Oct 2, 2026· 21m 17s· 2 players
Game mode
Random Map
Map size
Tiny (2 player)
Population
200
Speed
Normal
Resources
Standard
Victory
Conquest
Starting age
Dark Age
Ending age
Imperial Age
RankedLock teamsTeams togetherTeam positionsShared explorationLock speedFull tech treeHidden civsTurbo modeCheats
Victory
Defeat
🇩🇪 Britons · Germany
873
+15
🇵🇹 Portuguese · Portugal
848
-15
Alberto Barbosa
0:38 Loom
11:59 Feudal Age
12:57 Double-Bit Axe
13:07 Town Watch
15:33 Scale Barding Armor
18:15 Horse Collar
18:22 Man-at-Arms
aeroo
8:15 Loom
10:51 Feudal Age
12:08 Double-Bit Axe
14:30 Horse Collar
Connection lost

Rejoining the realm…

Still unreachable

The connection could not be restored.

Session expired

The server has moved on; the page needs a fresh start.